 Dungeon Crawl Stone Soup version 0.28-a0-828-g0121872642 (webtiles) character file.

Game seed: 8238744545426267204

10101 BlueFish the Covert (level 11, -6/84 HPs)
             Began as a Vampire Delver on Nov 10, 2021.
             Was a Follower of Dithmenos.
             Mangled by an eight-headed hydra (15 damage)
             ... on level 11 of the Dungeon.
             The game lasted 00:24:23 (9557 turns).

BlueFish the Covert (Vampire Delver)                Turns: 9557, Time: 00:24:23

Health: -6/84      AC:  4    Str: 11    XL:     11   Next: 31%
Magic:  13/13      EV: 20    Int: 13    God:    Dithmenos [*.....]
Gold:   1354       SH:  6    Dex: 25    Spells: 10/13 levels left

rFire   + . .      SeeInvis +   m - +3 short sword (drain)
rCold   + . .      Faith    .   l - +0 buckler
rNeg    . . .      Spirit   .   j - +0 robe
rPois   +          Reflect  .   b - +1 helmet
rElec   .          Harm     .   L - scarf {rC+ rF+}
rCorr   .          Rampage  .   (no gloves)
Will    +....                   (no boots)
Stlth   +++++++...              s - amulet of regeneration
HPRegen 1.44/turn               k - ring of poison resistance
MPRegen 0.13/turn               I - ring of Fixation {Dex+6 Slay+2}

@: healing quickly, wreathed by umbra, studying Dodging
A: alive, fangs 3, see invisible, vampiric 2
a: Exsanguinate, Renounce Religion


You were on level 11 of the Dungeon.
You worshipped Dithmenos.
Dithmenos was aware of your devotion.
You visited 2 branches of the dungeon, and saw 12 of its levels.
You also visited: Bailey.

You collected 1354 gold pieces.

Inventory:

Hand Weapons
 a - a +0 short sword
 m - a +3 short sword of draining (weapon)
Missiles
 r - 4 boomerangs of dispersal
 w - 10 poisoned darts (quivered)
 x - 3 throwing nets
 D - 6 boomerangs
Armour
 b - a +1 helmet (worn)
 j - a +0 robe (worn)
 l - a +0 buckler (worn)
 L - a scarf of resistance (worn)
Jewellery
 k - a ring of poison resistance (left hand)
 s - an amulet of regeneration (around neck)
 u - the ring of the Commoners {Wiz Will+}
   (You took it off an orc on level 6 of the Dungeon)

   [ring of wizardry]

   It improves your spell success rate.
   Will:      It increases your willpower.
 v - a ring of magical power
 C - a ring of magical power
 F - an amulet of magic regeneration
 H - a ring of magical power
 I - the ring of Fixation (right hand) {Dex+6 Slay+2}
   (You found it on level 7 of the Dungeon)

   [ring of dexterity]

   Dex:       It affects your dexterity (+6).
   Slay:      It affects your accuracy & damage with ranged weapons and melee
   (+2).
 M - a ring of flight
Wands
 g - a wand of digging (7)
 n - a wand of acid (8)
 p - a wand of polymorph (5)
 A - a wand of mindburst (7)
 E - a wand of iceblast (33)
Scrolls
 c - 2 scrolls of fog
 d - 5 scrolls of magic mapping
 e - 2 scrolls of fear
 i - 9 scrolls of teleportation
 o - 4 scrolls of noise
 t - 2 scrolls of amnesia
 y - a scroll of summoning
Potions
 f - 6 potions of curing
 h - 3 potions of haste
 q - 2 potions of might
 z - a potion of ambrosia
 B - a potion of cancellation {unknown}
 G - a potion of attraction {unknown}
 J - 2 potions of brilliance
 K - 2 potions of lignification


   Skills:
 * Level 7.1 Fighting
 * Level 11.5 Short Blades
 + Level 0.8 Armour
 * Level 8.9 Dodging
 * Level 14.6 Stealth
 - Level 4.0 Shields
 * Level 1.5 Spellcasting
 * Level 2.1 Hexes
 * Level 2.0 Invocations


You had 10 spell levels left.
You knew the following spells:

 Your Spells              Type           Power      Damage    Failure   Level
a - Tukima's Dance        Hex            6%         N/A       32%         3

Your spell library contained the following spells:

 Spells                   Type           Power      Damage    Failure   Level
 Summon Small Mammal      Summ           4%         N/A       26%         1
 Ensorcelled Hibernation  Hex/Ice        6%         N/A       26%         2
 Scorch                   Fire           2%         2d5       38%         2
 Summon Guardian Golem    Hex/Summ       3%         N/A       45%         3
 Call Canine Familiar     Summ           1%         N/A       63%         3
 Spider Form              Tmut/Pois      1%         N/A       63%         3
 Flame Wave               Conj/Fire      1%         3d3       95%         4
 Iskenderun's Mystic Bla  Conj/Tloc      1%         2d3       95%         4
 Passage of Golubria      Tloc           1%         N/A       95%         4
 Yara's Violent Unravell  Hex/Tmut       1%         3d3       99%         5
 Freezing Cloud           Conj/Ice/Air   0%         6-21      100%        5
 Dispersal                Tloc           0%         N/A       100%        6


Dungeon Overview and Level Annotations

Branches:
Dungeon (11/15)            Temple (1/1) D:7            Lair (0/6) D:10
    Orc (0/2) D:10         Bailey (visited)

Altars:
Ashenzari
Cheibriados
Dithmenos
Elyvilon
Fedhas
Gozag
Hepliaklqana
Kikubaaqudgha
Makhleb
Nemelex Xobeh
Okawaru
Qazlal
Ru
Sif Muna
Trog
Uskayaw
Vehumet
Wu Jian
Xom
Yredelemnul
Zin
The Shining One

Annotations:
D:10 exclusion: oklob plant


Innate Abilities, Weirdness & Mutations

Your natural rate of healing is accelerated.
You have razor-sharp teeth.
You have supernaturally acute eyesight. (SInv)
You are afflicted with vampirism and can become a bat while bloodless.


Message History

The eight-headed hydra bites you!
The eight-headed hydra barely misses you.
The eight-headed hydra bites you! The eight-headed hydra misses you.
The eight-headed hydra closely misses you. x3
The eight-headed hydra bites you!
You barely miss the eight-headed hydra.
The eight-headed hydra is heavily wounded.
The eight-headed hydra completely misses you. x2
The eight-headed hydra bites you!
* * * LOW HITPOINT WARNING * * *
The eight-headed hydra misses you.
The eight-headed hydra barely misses you. x2
The eight-headed hydra misses you.
You block the eight-headed hydra's attack.
You hit the eight-headed hydra. You drain the eight-headed hydra.
The eight-headed hydra is heavily wounded.
You hit the eight-headed hydra. You drain the eight-headed hydra.
The eight-headed hydra is severely wounded.
The eight-headed hydra barely misses you. x2
You block the eight-headed hydra's attack.
The eight-headed hydra bites you!
* * * LOW HITPOINT WARNING * * *
The eight-headed hydra bites you.
* * * LOW HITPOINT WARNING * * *
You block the eight-headed hydra's attack. x2
The eight-headed hydra closely misses you.
Okay, then.
Okay, then.
The eight-headed hydra seems less drained.
The eight-headed hydra bites you!
The eight-headed hydra completely misses you.
The eight-headed hydra bites you!
* * * LOW HITPOINT WARNING * * *
You block the eight-headed hydra's attack.
The eight-headed hydra misses you.
You block the eight-headed hydra's attack.
The eight-headed hydra bites you!
* * * LOW HITPOINT WARNING * * *
The eight-headed hydra bites you!
You die...

#.# #.# ####.# #....#
#..### #..# #..# #.D#
#.@# #..# #..#
#..###############
#..##............# .###
#...............>#
.....##.###.#########..#
#.........# ##..#
#....###..# ####.#.##


You could see an eight-headed hydra.

Vanquished Creatures
  Harold (D:7)
  3 two-headed ogres
  The ghost of Leeroy the Grappler, a novice DrTm of Sif Muna (D:7)
  Pikel (D:5)
  A kobold demonologist (D:9)
  The ghost of nicknak712 the Skirmisher, an amateur MiFi of the Shining One (D:4)
  A troll (D:10)
  A hornet (D:9)
  Grinder (D:4)
  Sigmund (D:3)
  2 vampires (D:10)
  2 wyverns
  5 yaks (D:9)
  Grum (D:7)
  2 steam dragons
  An acid dragon (D:10)
  A water moccasin (D:6)
  2 black bears
  2 sky beasts
  9 orc warriors
  A necrophage (D:4)
  An ogre (D:4)
  2 centaurs
  3 wolves (D:7)
  A lemure (D:5)
  2 kobold brigands (D:9)
  3 bullfrogs
  A scorpion (D:4)
  3 gnoll sergeants
  4 wights
  2 howler monkeys
  2 jellies
  A hound (D:5)
  A gnoll shaman (D:7)
  10 orc priests
  9 orc wizards
  Terence (D:3)
  An iguana (D:6)
  A howler monkey zombie (D:7)
  Robin (D:3)
  18 gnolls
  6 adders
  A shadow imp (D:6)
  An adder zombie (D:4)
  A worm (D:2)
  3 dart slugs
  29 orcs
  11 ball pythons
  14 endoplasms
  19 goblins
  14 hobgoblins
  2 jackals (D:2)
  10 kobolds
  4 quokkas
  7 bats
  4 frilled lizards
  7 rats
240 creatures vanquished.

Vanquished Creatures (others)
  6 plants (D:7)
6 creatures vanquished.

Grand Total: 246 creatures vanquished

Notes
Turn   | Place    | Note
-------+----------+-------------------------------------------
     0 | D:5      | BlueFish the Vampire Delver began the quest for the Orb.
     0 | D:5      | Reached XP level 1. HP: 17/17 MP: 1/1
     5 | D:4      | Noticed Grinder
    75 | D:5      | Noticed a gnoll sergeant
   144 | D:5      | Noticed a black bear
   189 | D:5      | Reached XP level 2. HP: 5/23 MP: 2/2
   313 | D:4      | Noticed a necrophage
   335 | D:3      | Noticed Sigmund
   347 | D:3      | Killed Sigmund
   348 | D:3      | Reached skill level 9 in Stealth
   348 | D:3      | Gained mutation: You are afflicted with vampirism and can
                  | become a bat while bloodless. [Vampire growth]
   348 | D:3      | Reached XP level 3. HP: 29/29 MP: 3/3
   348 | D:3      | Reached XP level 4. HP: 35/35 MP: 4/4
   348 | D:3      | Reached XP level 5. HP: 41/41 MP: 5/5
  1110 | D:2      | Reached skill level 10 in Stealth
  1743 | D:3      | Noticed Terence
  1747 | D:3      | Killed Terence
  1748 | D:3      | Reached XP level 6. HP: 47/47 MP: 6/6
  1938 | D:3      | Noticed Robin
  1940 | D:3      | Killed Robin
  2448 | D:4      | Found a transporter.
  2456 | D:4      | Noticed nicknak712's ghost (amateur MiFi)
  2475 | D:4      | Paralysed by Grinder for 2 turns
  2486 | D:4      | Paralysed by Grinder for 6 turns
  2651 | D:4      | Reached skill level 1 in Shields
  2707 | D:4      | Found a transporter.
  2862 | D:4      | Killed Grinder
  2863 | D:4      | Reached skill level 11 in Stealth
  2863 | D:4      | Reached XP level 7. HP: 26/52 MP: 7/7
  2937 | D:4      | Found a broken altar of Ashenzari.
  3320 | D:5      | Noticed Pikel
  3346 | D:5      | Killed Pikel
  3347 | D:5      | Reached skill level 5 in Short Blades
  3347 | D:5      | Reached skill level 12 in Stealth
  3347 | D:5      | Reached XP level 8. HP: 55/60 MP: 8/8
  4238 | D:6      | Identified the ring of the Commoners {Wiz Will+}
  4263 | D:6      | Reached skill level 5 in Dodging
  4417 | D:6      | Reached XP level 9. HP: 30/66 MP: 9/9
  5001 | D:7      | Noticed Grum
  5007 | D:7      | Noticed Harold
  5043 | D:7      | Killed Harold
  5044 | D:7      | Reached skill level 5 in Fighting
  5072 | D:7      | Found a transporter.
  5077 | D:7      | Identified the +3 ring mail of Imperfection {Str+2}
  5081 | D:7      | Noticed Leeroy's ghost (novice DrTm)
  5086 | D:7      | Found a transporter.
  5113 | D:7      | Found a snail-covered altar of Cheibriados.
  5138 | D:7      | Reached skill level 13 in Stealth
  5282 | D:7      | Found a staircase to the Ecumenical Temple.
  5831 | Temple   | Entered the Ecumenical Temple
  6412 | D:8      | Noticed a two-headed ogre
  6527 | D:8      | Found a blossoming altar of Fedhas.
  6780 | D:8      | Killed a two-headed ogre
  6781 | D:8      | Reached XP level 10. HP: 45/76 MP: 10/10
  7048 | D:9      | Noticed a sixfirhy
  7065 | D:9      | HP: 1/76 [orc priest/divine providence (12)]
  7193 | D:9      | Reached skill level 10 in Short Blades
  7342 | D:9      | Reached skill level 14 in Stealth
  7391 | D:9      | Found a shadowy altar of Dithmenos.
  7404 | D:9      | Became a worshipper of Dithmenos the Shadowed
  7423 | D:9      | Noticed a rust devil
  7615 | D:7      | Killed Leeroy's ghost
  7616 | D:7      | Reached skill level 1 in Invocations
  7664 | D:7      | Killed Grum
  7744 | D:7      | Got the Reference Book on the Voyage
  7747 | D:7      | Identified the ring of Fixation {Dex+6 Slay+2}
  7930 | D:4      | Killed nicknak712's ghost
  8134 | D:9      | Learned a level 3 spell: Tukima's Dance
  8165 | D:9      | Noticed a two-headed ogre
  8175 | D:9      | Killed a two-headed ogre
  8176 | D:9      | Reached XP level 11. HP: 83/83 MP: 12/12
  8519 | D:10     | Entered Level 10 of the Dungeon
  8554 | D:10     | Reached skill level 1 in Spellcasting
  8593 | D:10     | Reached skill level 1 in Hexes
  8726 | D:10     | Noticed an oklob plant
  8729 | D:10     | Found a staircase to the Lair.
  8800 | D:10     | Found a flagged portal.
  8810 | Bailey   | Entered a bailey
  8842 | Bailey   | Identified the +7 mace of Pain and Death {drain, Fly}
  8856 | Bailey   | Reached * piety under Dithmenos
  8888 | Bailey   | Found a burning altar of Makhleb.
  8904 | Bailey   | Got Sif Muna's Grimoire of the Blaze and Air
  9081 | D:10     | Found a staircase to the Orcish Mines.
  9302 | D:10     | Noticed a two-headed ogre
  9306 | D:10     | Killed a two-headed ogre
  9519 | D:11     | Noticed an eight-headed hydra
  9557 | D:11     | Mangled by an eight-headed hydra

Illustrated notes

Levels and vault maps discovered:
D:1:      amcnicky_arrival_underground_garden, layout_rooms
D:2:      layout_loops_ring, grunt_decor_mini_mirrors
D:3:      layout_basic, uniq_robin, uniq_sigmund, uniq_terence
D:4:      layout_basic, minitemple, gammafunk_ghost_arena,
          hangedman_decor_lopped, uniq_grinder
D:5:      layout_loops_ring, minmay_misc_feat_room, uniq_pikel
D:6:      layout_loops_ring, chequers_serial_rivers_room_a,
          kennysheep_generic_room_12
D:7:      layout_loops_ring, cheibriados_altar_1,
          minmay_temple_entry_from_below_a, gammafunk_ghost_gnarly_gnolls,
          sigmund_army, uniq_harold
D:8:      layout_cave_pools, fedhas_altar_3, mrwooster_statue_mirror,
          kennysheep_generic_room_2
D:9:      layout_irregular_city, gammafunk_temple_overflow_elements,
          serial_column_ruins, column_ruins_hut_pillars, column_ruins_hut,
          column_ruins_open_tiny, column_ruins_grid_1, column_ruins_open_tiny,
          column_ruins_grid_3, column_ruins_open_tiny
D:10:     layout_roguey, dpeg_oklobed_lair, orc_0_dummy, enter_bailey_3
D:11:     minmay_clustersquares, layout_loops_ring, uniq_erica
Temple:   regret_index_temple_sphere_string

Skill      XL: |  1  2  3  4  5  6  7  8  9 10 11 |
---------------+----------------------------------+-----
Fighting       | 3 4 5 6 7 |  7.1
Stealth        | 9 10 11 12 13 14 | 14.6
Short Blades   | 3 4 5 7 9 11 | 11.5
Dodging        | 3 4 5 6 8 |  8.9
Shields        | 1 2 3 4 |  4.0
Invocations    | 1 2 |  2.0
Spellcasting   | 1 |  1.5
Hexes          | 2 |  2.1
Armour         | |  0.8

Action                   |  1- 3 |  4- 6 |  7- 9 | 10-12 || total
-------------------------+-------+-------+-------+-------++-------
Melee: Short sword       |    26 |   233 |   371 |   436 ||  1066
       Bite              |     2 |    26 |    48 |    65 ||   141
Throw: Dart              |       |       |       |     5 ||     5
  Use: Potion            |     3 |     1 |     2 |     2 ||     8
       Scroll            |       |    10 |     2 |     5 ||    17
 Stab: Sleeping          |     2 |    25 |     9 |    13 ||    49
       Distracted        |       |     4 |     1 |       ||     5
Armor: Leather armour    |    11 |    26 |       |       ||    37
       Robe              |       |    11 |    18 |    26 ||    55
Dodge: Dodged            |    18 |   111 |   148 |   229 ||   506
Block: Buckler           |       |    11 |    74 |   106 ||   191

Table legend: (Time is in decaauts)
 A = Elapsed time spent in this place.
 B = Non-inter-level travel time spent in this place.
 C = Inter-level travel time spent in this place.
 D = Time resting spent in this place.
 E = Time spent auto-exploring this place.
 F = Levels seen in this place.
 G = Mean time per level.
                   A        B        C        D        E       F      G
               +--------+--------+--------+--------+--------+-----+--------+
         Total |   9259 |   8532 |    727 |     28 |   6041 |  13 |  712.2 |
       Dungeon |   8980 |   8266 |    714 |     28 |   5866 |  11 |  816.4 |
        Temple |    163 |    150 |     13 |      0 |    135 |   1 |  163.0 |
        Bailey |    115 |    115 |      0 |      0 |     40 |   1 |  115.0 |
               +--------+--------+--------+--------+--------+-----+--------+

Top non-repeatable levels by time:
     D:6: 1121 daAuts
     D:4: 1092 daAuts
     D:9: 1079 daAuts
     D:7: 1060 daAuts
     D:5: 930 daAuts
     D:8: 843 daAuts
    D:10: 722 daAuts
     D:2: 710 daAuts
     D:3: 647 daAuts
     D:1: 622 daAuts
  Temple: 163 daAuts
    D:11: 150 daAuts
  Bailey: 115 daAuts
